 Dungeon Crawl Stone Soup version 0.20.1-1-g8b1a95d (webtiles) character file.

25 Gargoyl the Grave Robber (level 2, -1/11 HPs)
             Began as a Felid Necromancer on July 26, 2017.
             Slain by a hobgoblin
             ... wielding a +0 club
              (4 damage)
             ... on level 1 of the Dungeon.
             The game lasted 00:02:42 (1602 turns).

Gargoyl the Grave Robber (Felid Necromancer)        Turns: 1602, Time: 00:02:42

Health: -1/11      AC:  1    Str:  4    XL:     2   Next: 82%
Magic:  6/6        EV: 18    Int: 16    God:
Gold:   64         SH:  0    Dex: 16    Spells: 3/5 levels left
                                        Lives:  0   Deaths: 0

rFire    . . .     SeeInvis +   (weapon unavailable)
rCold    . . .     Gourm    .   (shield unavailable)
rNeg     . . .     Faith    .   (armour unavailable)
rPois    .         Spirit   .   (helmet unavailable)
rElec    .         Reflect  .   (cloak unavailable)
rCorr    .         Harm     .   (gloves unavailable)
MR       .....                  (boots unavailable)
Stlth    +++.......             (no amulet)
Regen    0.1/turn               (no ring)
MPRegen  0.1/turn               (no ring)

@: quick
A: no armour, no weapons or thrown items, stealth, claws 1, fangs 3, see
invisible, carnivore 3, speed 1, shaggy fur 1, slow metabolism 1, sharp paws
a: no special abilities


You were on level 1 of the Dungeon.
You were completely stuffed.

You visited 1 branch of the dungeon, and saw 1 of its levels.

You collected 64 gold pieces.

Inventory:

Scrolls
 c - a scroll of amnesia
 g - a scroll of remove curse
 i - a scroll of identify {unknown}
Potions
 d - a potion of lignification {unknown}
 e - a potion of might {unknown}
 h - a potion of flight {unknown}
Books
 a - a book of Necromancy

   Spells                             Type                      Level
   a - Pain                           Necromancy                   1
   b - Animate Skeleton               Necromancy                   1
   c - Vampiric Draining              Necromancy                   3
   d - Regeneration                   Charms/Necromancy            3
   e - Animate Dead                   Necromancy                   4
   f - Control Undead                 Necromancy                   4
Comestibles
 b - 3 meat rations
 f - 4 chunks of flesh
 j - a royal jelly


   Skills:
 + Level 2.9 Dodging
 + Level 3.0 Stealth
 + Level 0.6 Unarmed Combat
 + Level 2.0 Spellcasting
 * Level 4.6 Necromancy


You had 3 spell levels left.
You knew the following spells:

 Your Spells              Type           Power        Failure   Level  Hunger
a - Pain                  Necr           ###.         3%          1    #......
b - Animate Skeleton      Necr           N/A          3%          1    #......


Dungeon Overview and Level Annotations

Branches:
Dungeon (1/15)

Altars:


Innate Abilities, Weirdness & Mutations

You cannot wear armour.
You are incapable of wielding weapons or throwing items.
Your paws allow you to move quietly. (Stealth)
You have sharp claws.
You have razor-sharp teeth.
You have supernaturally acute eyesight. (SInv)
You are carnivorous and can eat meat at any time.
You cover ground quickly.
You are covered in fur. (AC +1)
You have a slow metabolism.
Your sharp claws are effective at attacking unaware monsters.


Message History

a club; a goblin corpse
Things that are here:
a club; a goblin corpse You butcher the goblin corpse.
f - 4 chunks of flesh (gained 2)
You see here a club.
You see here a club.
You now have 64 gold pieces (gained 14).
A hobgoblin comes into view. It is wielding a club.
You scratch the hobgoblin but do no damage.
The hobgoblin hits you with a club.
Ouch! That really hurt!
You scratch the hobgoblin.
The hobgoblin is heavily wounded.
The hobgoblin hits you with a club.
* * * LOW HITPOINT WARNING * * *
You barely miss the hobgoblin.
The hobgoblin is heavily wounded.
The hobgoblin hits you with a club.
You die...

...# #.#.# #.......
##.#
#.#.################
#.#
#(#.#.........(.....
#.#
#.#.#.##############
#.# #.#.#.# #.# #.#.#.#
#.# #.#.#.# ##########
#.# #.#g#.# #........#
#.# #.#@#.# #.######.#
#.# #.#.#.# #.# #)#
#.###########.#.#.# #.#
#.#
#.............#.#.###.#
#.#
###############.#.....#
#.# #.############.#
#.......)....>.#
#.############## ###


You could see a hobgoblin.

Vanquished Creatures
  A dart slug (D:1)
  2 leopard geckos (D:1)
  4 bats (D:1)
  A giant cockroach (D:1)
  2 goblins (D:1)
  A hobgoblin (D:1)
  2 jackals (D:1)
  A frilled lizard (D:1)
  3 kobolds (D:1)
  3 rats (D:1)
20 creatures vanquished.

Vanquished Creatures (collateral kills)
  A kobold (D:1)
1 creature vanquished.

Grand Total: 21 creatures vanquished

Notes
Turn   | Place    | Note
-------+----------+-------------------------------------------
     0 | D:1      | Gargoyl the Felid Necromancer began the quest for the Orb.
     0 | D:1      | Reached XP level 1. HP: 7/7 MP: 4/4
   341 | D:1      | Learned a level 1 spell: Animate Skeleton
   685 | D:1      | Reached XP level 2. HP: 7/11 MP: 6/6
  1602 | D:1      | Slain by a hobgoblin

Skill      XL: |  1  2 |
---------------+-------+-----
Stealth        | 3 |  3.0
Dodging        | |  2.9
Unarmed Combat | |  0.6
Spellcasting   | |  2.0
Necromancy     | |  4.6

Action                   || total
-------------------------++-------
Melee: Unarmed           ||    75
       Bite              ||     8
 Cast: Animate Skeleton  ||     4
       Pain              ||     3
  Use: Scroll            ||     2
 Stab: Sleeping          ||     6
  Eat: Chunk             ||     9
Armor: Skin              ||     6
Dodge: Dodged            ||    61
